cohdb
Replays
Latest Replays
All Replays
Popular Replays
Top Player Replays
Match Explorer
How It Works
Community
CoH3 Stats
Reddit
Sign in to upload your games and track your stats! →
Sign in with Steam
Match 45947292
Unlisted
Match 45947292
Overview
Messages
Build Orders
End
Panzergrenadier Squad
Selects Battlefield Espionage Battlegroup
Panzergrenadier Squad
Panzergrenadier Squad
Construct Light Support Kompanie
Selects Intel Disruption Beacon
MG34 Team
Fire Support Elements
le.IG 18 Mechanized Group
le.IG 18 Support Gun Team
Pak 38 Anti-tank Gun Team
Selects Plunder
Flakvierling Half-track
Sad Pepe
Haru₩Bankman
0
0
Comments
sign in to comment!
No comments posted yet!